 Dungeon Crawl Stone Soup version 0.22.0-49-gab54619674 (webtiles) character file.

331 JedernureinKreuz the Conjurer (level 6, -8/44 HPs)
             Began as a Gnoll Conjurer on Sept 8, 2018.
             Mangled by an orc warrior
             ... wielding a +0 short sword
              (14 damage)
             ... on level 4 of the Dungeon.
             The game lasted 00:16:09 (2549 turns).

JedernureinKreuz the Conjurer (Gnoll Conjurer)      Turns: 2549, Time: 00:16:10

Health: -8/44      AC:  6    Str: 11    XL:     6   Next: 52%
Magic:  15/23      EV: 14    Int: 19    God:
Gold:   74         SH:  4    Dex: 15    Spells: 7/15 levels left

rFire    + . .     SeeInvis .   C - -3 spear (curse)
rCold    . . .     Gourm    .   n - +0 buckler
rNeg     . . .     Faith    .   s - +3 leather armour {rF+}
rPois    .         Spirit   .   (no helmet)
rElec    .         Reflect  .   (no cloak)
rCorr    .         Harm     .   (no gloves)
MR       .....                  (no boots)
Stlth    +++.......             (no amulet)
HPRegen  0.14/turn              l - ring of magical power
MPRegen  0.18/turn              D - ring of wizardry (curse)

@: about to teleport, very slightly contaminated, invisible
A: distributed training, fangs 1, strong nose
a: no special abilities


You were on level 4 of the Dungeon.
You were not hungry.

You visited 1 branch of the dungeon, and saw 4 of its levels.

You collected 74 gold pieces.

Inventory:

Hand Weapons
 b - a +0 club
 w - a +0 hunting sling
 y - a +0 blowgun
 z - a +1 dagger
 C - a cursed -3 spear (weapon)
Missiles
 f - 134 stones (quivered)
 v - 15 sling bullets
 x - 5 tomahawks
 A - 12 poisoned needles
Armour
 a - a +0 robe
 i - a +0 leather armour
 n - a +0 buckler (worn)
 s - a +3 leather armour of fire resistance (worn)
Jewellery
 l - a ring of magical power (left hand)
 B - an uncursed ring of ice
 D - a cursed ring of wizardry (right hand)
Scrolls
 e - a scroll of teleportation
 h - 3 scrolls of identify
 k - 2 scrolls of magic mapping
 u - a scroll of enchant armour
Potions
 j - a potion of invisibility
 m - a potion of agility {unknown}
 p - a potion of haste {unknown}
 q - a potion of might {unknown}
 r - 2 potions of curing
 t - a potion of ambrosia {unknown}
 F - a potion of flight {unknown}
 G - a potion of lignification {unknown}
 I - a potion of berserk rage {unknown}
Comestibles
 c - 5 rations


   Skills:
 + Level 2.0 Fighting
 + Level 2.0 Short Blades
 + Level 2.0 Long Blades
 + Level 2.0 Axes
 + Level 2.0 Maces & Flails
 + Level 2.0 Polearms
 + Level 2.0 Staves
 + Level 2.0 Slings
 + Level 2.0 Bows
 + Level 2.0 Crossbows
 + Level 2.0 Throwing
 + Level 2.0 Armour
 + Level 5.0 Dodging
 + Level 4.6 Stealth
 + Level 2.0 Shields
 + Level 2.0 Unarmed Combat
 + Level 5.3 Spellcasting
 + Level 7.3 Conjurations
 + Level 1.5 Hexes
 + Level 1.5 Charms
 + Level 1.5 Summonings
 + Level 1.5 Necromancy
 + Level 1.5 Translocations
 + Level 1.5 Transmutations
 + Level 1.5 Fire Magic
 + Level 1.5 Ice Magic
 + Level 1.5 Air Magic
 + Level 1.5 Earth Magic
 + Level 1.5 Poison Magic
 + Level 2.1 Invocations
 + Level 2.0 Evocations


You had 7 spell levels left.
You knew the following spells:

 Your Spells              Type           Power        Failure   Level  Hunger
a - Magic Dart            Conj           ####         1%          1    None
b - Iskenderun's Mystic   Conj           ####....     4%          4    ####...
c - Dazzling Spray        Conj/Hex       ###...       4%          3    ##.....

Your spell library contained the following spells:

 Spells                   Type           Power        Failure   Level  Hunger
 Searing Ray              Conj           ####..       1%          2    None
 Force Lance              Conj/Tloc      ###.....     13%         4    ####...
 Fulminant Prism          Conj/Hex       ###.......   13%         4    ####...


Dungeon Overview and Level Annotations

Branches:
Dungeon (4/15)
 Temple: D:4-7

Altars:
Kikubaaqudgha


Innate Abilities, Weirdness & Mutations

Your experience applies equally to all skills.
You have very sharp teeth.
Your uncanny sense of smell can sniff out nearby items.


Message History

Casting: Magic Dart (safe; 1% risk of failure)
Confirm with . or Enter, or press ? or * to list all spells.
Aiming: Magic Dart (safe; 1% risk of failure)
Press: ? - help, Shift-Dir - straight line, f/p - orc warrior
Aim: an orc warrior, wielding a short sword and wearing a plate armour The magic dart hits the orc warrior.
The orc warrior is severely wounded.
The leopard gecko closely misses you.
The orc warrior hits you with a short sword.
* * * LOW HITPOINT WARNING * * *
As you read the scroll of teleportation, it crumbles to dust.
You feel strangely unstable. The leopard gecko closely misses you.
The orc warrior hits you with a short sword.
* * * LOW HITPOINT WARNING * * *
You fade into invisibility!
The leopard gecko completely misses you.
The orc warrior misses you. The leopard gecko closely misses you.
You are very lightly contaminated with residual magic.
The orc warrior hits you with a short sword!
You die...

#.# #.# ##.## ⌠
########...##...
#.<....[o#..hh$..
#o######!..##h..#
#{# ##.## .## #l#
.# #@# .# #o# ..
#.# ## #.. ###


You could see an orc warrior, an orc and a leopard gecko.

Vanquished Creatures
  An ogre (D:4)
  A vampire bat (D:3)
  Jessica (D:2)
  3 gnolls (D:3)
  7 adders
  3 worms (D:2)
  3 dart slugs
  7 orcs
  2 ball pythons (D:3)
  2 bats (D:1)
  3 bat skeletons (D:3)
  2 bat zombies (D:3)
  A giant cockroach (D:3)
  13 hobgoblins
  4 jackals (D:4)
  2 quokkas (D:3)
  3 frilled lizards
  5 goblins
  5 kobolds
  2 rats
70 creatures vanquished.

Notes
Turn   | Place    | Note
-------+----------+-------------------------------------------
     0 | D:1      | JedernureinKreuz the Gnoll Conjurer began the quest for the
                  | Orb.
     0 | D:1      | Reached XP level 1. HP: 13/13 MP: 6/6
    71 | D:1      | Reached XP level 2. HP: 18/19 MP: 1/7
   807 | D:2      | Reached skill level 5 in Spellcasting
   807 | D:2      | Reached XP level 3. HP: 25/25 MP: 9/9
   861 | D:2      | Noticed Jessica
   881 | D:2      | Killed Jessica
   881 | D:2      | Reached skill level 1 in Fighting
   881 | D:2      | Reached skill level 1 in Short Blades
   881 | D:2      | Reached skill level 1 in Long Blades
   881 | D:2      | Reached skill level 1 in Axes
   881 | D:2      | Reached skill level 1 in Maces & Flails
   881 | D:2      | Reached skill level 1 in Polearms
   881 | D:2      | Reached skill level 1 in Staves
   881 | D:2      | Reached skill level 1 in Slings
   881 | D:2      | Reached skill level 1 in Bows
   881 | D:2      | Reached skill level 1 in Crossbows
   881 | D:2      | Reached skill level 1 in Throwing
   881 | D:2      | Reached skill level 1 in Armour
   881 | D:2      | Reached skill level 1 in Shields
   881 | D:2      | Reached skill level 1 in Unarmed Combat
   881 | D:2      | Reached skill level 1 in Invocations
   881 | D:2      | Reached skill level 1 in Evocations
   881 | D:2      | Reached XP level 4. HP: 6/32 MP: 11/11
  1598 | D:3      | Reached skill level 1 in Hexes
  1598 | D:3      | Reached skill level 1 in Charms
  1598 | D:3      | Reached skill level 1 in Summonings
  1598 | D:3      | Reached skill level 1 in Necromancy
  1598 | D:3      | Reached skill level 1 in Translocations
  1598 | D:3      | Reached skill level 1 in Transmutations
  1598 | D:3      | Reached skill level 1 in Fire Magic
  1598 | D:3      | Reached skill level 1 in Ice Magic
  1598 | D:3      | Reached skill level 1 in Air Magic
  1598 | D:3      | Reached skill level 1 in Earth Magic
  1598 | D:3      | Reached skill level 1 in Poison Magic
  1650 | D:3      | Reached XP level 5. HP: 26/37 MP: 12/12
  1724 | D:3      | Found an ancient bone altar of Kikubaaqudgha.
  2041 | D:3      | Reached XP level 6. HP: 44/44 MP: 13/13
  2338 | D:4      | Learned a level 4 spell: Iskenderun's Mystic Blast
  2342 | D:4      | Learned a level 3 spell: Dazzling Spray
  2358 | D:4      | Reached skill level 5 in Dodging
  2430 | D:4      | Noticed an orc warrior
  2549 | D:4      | Mangled by an orc warrior

Skill      XL: |  1  2  3  4  5  6 |
---------------+-------------------+-----
Spellcasting   | 5 |  5.3
Fighting       | 1 2 |  2.0
Short Blades   | 1 2 |  2.0
Long Blades    | 1 2 |  2.0
Axes           | 1 2 |  2.0
Maces & Flails | 1 2 |  2.0
Polearms       | 1 2 |  2.0
Staves         | 1 2 |  2.0
Slings         | 1 2 |  2.0
Bows           | 1 2 |  2.0
Crossbows      | 1 2 |  2.0
Throwing       | 1 2 |  2.0
Armour         | 1 2 |  2.0
Shields        | 1 2 |  2.0
Unarmed Combat | 1 2 |  2.0
Invocations    | 1 2 |  2.1
Evocations     | 1 2 |  2.0
Hexes          | 1 |  1.5
Charms         | 1 |  1.5
Summonings     | 1 |  1.5
Necromancy     | 1 |  1.5
Translocations | 1 |  1.5
Transmutations | 1 |  1.5
Fire Magic     | 1 |  1.5
Ice Magic      | 1 |  1.5
Air Magic      | 1 |  1.5
Earth Magic    | 1 |  1.5
Poison Magic   | 1 |  1.5
Dodging        | 5 |  5.0
Stealth        | |  4.6
Conjurations   | |  7.3

Action                   |  1- 3 |  4- 6 || total
-------------------------+-------+-------++-------
Melee: Club              |    12 |    10 ||    22
       Bite              |     4 |     4 ||     8
       Unarmed           |     1 |       ||     1
       Dagger            |       |    19 ||    19
       Spear             |       |    15 ||    15
 Cast: Magic Dart        |    37 |    91 ||   128
       Dazzling Spray    |       |     6 ||     6
       Iskenderun's Myst |       |     4 ||     4
  Use: Scroll            |       |    11 ||    11
       Potion            |       |     1 ||     1
 Stab: Sleeping          |       |     5 ||     5
       Invisible         |       |     1 ||     1
  Eat: Chunk             |       |     5 ||     5
       Ration            |       |     1 ||     1
Armor: Leather armour    |     2 |     8 ||    10
Dodge: Dodged            |    15 |    55 ||    70
Block: Buckler           |     1 |    12 ||    13
